 Dungeon Crawl Stone Soup version 0.27.1-33-g824d729ab1 (webtiles) character file.

Game seed: 4664888392872782442

543 lonewolfV2 the Ducker (level 7, -4/51 HPs)
             Began as a Demonspawn Gladiator on Dec 14, 2021.
             Slain by an unseen horror (5 damage)
             ... on level 5 of the Dungeon.
             The game lasted 00:14:38 (5803 turns).

lonewolfV2 the Ducker (Demonspawn Gladiator)        Turns: 5803, Time: 00:14:39

Health: -4/51      AC:  7    Str: 17    XL:     7   Next: 6%
Magic:  0/7        EV: 11    Int:  9    God:
Gold:   231        SH: 10    Dex: 20    Spells: 6/6 levels left

rFire    . . .     SeeInvis .   m - +2 spear (distort)
rCold    . . .     Faith    .   v - +2 kite shield
rNeg     . . .     Spirit   +   b - +0 leather armour
rPois    .         Reflect  .   c - +0 helmet
rElec    .         Harm     .   (no cloak)
rCorr    +         Rampage  .   (no gloves)
Will     .....                  (no boots)
Stlth    ++........             k - amulet of guardian spirit
HPRegen  0.17/turn              h - +6 ring of dexterity
MPRegen  0.10/turn              e - ring of resist corrosion

@: no status effects
A: icy blue scales 2, demonic guardian 1, powered by death 1
a: no special abilities


You were on level 5 of the Dungeon.
You visited 1 branch of the dungeon, and saw 6 of its levels.

You collected 231 gold pieces.

Inventory:

Hand Weapons
 a - a +0 war axe
 i - a +2 vorpal hand axe
 l - a +3 vampiric short sword
 m - a +2 spear of distortion (weapon)
Missiles
 d - 3 throwing nets
Armour
 b - a +0 leather armour (worn)
 c - a +0 helmet (worn)
 v - a +2 kite shield (worn)
Jewellery
 e - a ring of resist corrosion (right hand)
 h - a +6 ring of dexterity (left hand)
 k - an amulet of guardian spirit (around neck)
 t - a ring of see invisible
Wands
 r - a wand of iceblast (6) (quivered)
 u - a wand of paralysis (5)
Scrolls
 w - a scroll of magic mapping
Potions
 g - a potion of heal wounds
 j - a potion of degeneration
 n - 2 potions of ambrosia
 o - 2 potions of magic
 p - a potion of haste {unknown}
 q - a potion of berserk rage {unknown}
 s - a potion of brilliance {unknown}


   Skills:
 + Level 2.9 Fighting
 + Level 1.4 Short Blades
 + Level 3.5(4.0) Axes
 + Level 2.7(3.6) Polearms
 + Level 2.1 Throwing
 + Level 3.1 Armour
 + Level 3.8 Dodging
 + Level 1.1 Stealth
 + Level 0.7 Shields
 + Level 0.2 Evocations


You had 6 spell levels left.
You didn't know any spells.
Your spell library contained the following spells:

 Spells                   Type           Power      Damage    Failure   Level
 Animate Skeleton         Necr           0%         N/A       97%         1
 Apportation              Tloc           0%         N/A       97%         1
 Corona                   Hex            0%         N/A       97%         1
 Summon Small Mammal      Summ           0%         N/A       97%         1


Dungeon Overview and Level Annotations

Branches:
Dungeon (6/15)
 Temple: D:4-7

Altars:
Elyvilon
Gozag
Sif Muna


Innate Abilities, Weirdness & Mutations

You are mostly covered in icy blue scales. (AC +3)
A weak demonic guardian rushes to your aid.
You regenerate a little health from kills.


Message History

You climb upwards.
Your summoned ally is left behind.
Reactivating autopickup.
There is a stone staircase leading down here.
Something hits you!
* * * LOW HITPOINT WARNING * * *
Deactivating autopickup; reactivate with Ctrl-A.
Something completely misses you. Something hits you.
* * * LOW HITPOINT WARNING * * *
You start resting.
Something hits you.
* * * LOW HITPOINT WARNING * * *
You feel better.
You are confused.
You feel invigorated.
Something hits you but does no damage. x3
Something hits you.
* * * LOW HITPOINT WARNING * * *
You feel less invigorated.
You feel less confused. Something hits you but does no damage.
Something hits you. Something hits you but does no damage. Something hits you.
* * * LOW HITPOINT WARNING * * *
Something hits you but does no damage. Something hits you but does no damage.
You hit something. Something hits you!
* * * LOW HITPOINT WARNING * * *
A demonic guardian appears!
You block something's attack.
Something hits you but does no damage. x2
You hit something.
Space warps horribly around something!
Something hits you.
* * * LOW HITPOINT WARNING * * *
Something hits you. Something hits you but does no damage. Something hits you!
* * * LOW HITPOINT WARNING * * *
A demonic guardian appears!
Something hits you.
* * * LOW HITPOINT WARNING * * *
You hit something. Something hits you.
You die...

#.# #.#.##.......#### #.....#..
#.# #............#..# ####..^..
#.# ##..............# #....#..
#.# #.......)......## #.##.#..
#.# #........<....>.# #.##.# .
#.# #............#..#####.##.###
#.# #.######..#......##.........
#.####.#######...#...............
#...............@................
...............5{................
#........####....5...............
#.###..### ##......>.....#..####.
#.# #...# ##...................#.
#.# #.#.###................###.#.
#.###.#.##.................# #...
#.##..#.##.#...............#####.
#.##.##....#..................#..


You could see a friendly quasit (summoned) and a friendly white imp (summoned).

Vanquished Creatures
  A phantom (D:5)
  A scorpion (D:5)
  An orc priest (D:5)
  A bullfrog skeleton (D:5)
  An iguana (D:6)
  An orc wizard (D:5)
  A killer bee zombie (D:5)
  A hound skeleton (D:4)
  8 adders
  A shadow imp (D:5)
  An ufetubus (D:5)
  2 worms
  4 dart slugs
  2 orcs (D:5)
  7 endoplasms
  A giant cockroach (D:1)
  4 hobgoblins
  A quokka (D:2)
  4 ball pythons
  6 bats
  3 frilled lizards
  5 goblins
  6 kobolds
  8 rats
71 creatures vanquished.

Vanquished Creatures (collateral kills)
  A black bear (D:5)
  2 orcs (D:5)
3 creatures vanquished.

Grand Total: 74 creatures vanquished

Notes
Turn   | Place    | Note
-------+----------+-------------------------------------------
     0 | D:1      | lonewolfV2 the Demonspawn Gladiator began the quest for the
                  | Orb.
     0 | D:1      | Reached XP level 1. HP: 16/16 MP: 1/1
   487 | D:1      | Gained mutation: You are partially covered in icy blue
                  | scales. (AC +2) [demonic ancestry]
   487 | D:1      | Reached XP level 2. HP: 18/22 MP: 2/2
   690 | D:1      | Found a faded altar of an unknown god.
  1592 | D:2      | Gained mutation: You regenerate a little health from kills.
                  | [demonic ancestry]
  1592 | D:2      | Reached XP level 3. HP: 23/27 MP: 1/3
  2386 | D:3      | Reached skill level 1 in Armour
  2544 | D:3      | Reached XP level 4. HP: 31/33 MP: 4/4
  3225 | D:4      | Reached skill level 1 in Short Blades
  4030 | D:4      | Gained mutation: A weak demonic guardian rushes to your
                  | aid. [demonic ancestry]
  4030 | D:4      | Reached XP level 5. HP: 36/39 MP: 5/5
  4211 | D:5      | Entered Level 5 of the Dungeon
  4243 | D:5      | Reached skill level 1 in Polearms
  4467 | D:5      | Noticed a black bear
  4476 | D:5      | Killed a black bear
  4477 | D:5      | Gained mutation: You are mostly covered in icy blue scales.
                  | (AC +3) [demonic ancestry]
  4477 | D:5      | Reached XP level 6. HP: 36/46 MP: 3/6
  4698 | D:5      | Found an opulent altar of Gozag.
  4770 | D:5      | Found a shimmering blue altar of Sif Muna.
  4931 | D:5      | Reached skill level 1 in Stealth
  5129 | D:5      | Reached XP level 7. HP: 31/51 MP: 5/7
  5801 | D:5      | HP: 2/51 [something (6)]
  5803 | D:5      | Slain by an unseen horror

Illustrated notes

Levels and vault maps discovered:
D:1:      dpeg_arrival_round_a, layout_basic, shapermc_ecumenical_altar_gd,
          minmay_split_cup_small
D:2:      layout_loops_ring
D:3:      layout_basic
D:4:      layout_gridville, minmay_misc_feat_chi
D:5:      layout_rooms, lemuel_tele_altar,
          nicolae_gozag_cash_rules_everything_around_me,
          mainiacjoe_overflow_six_doors_small, hangedman_decor_growths,
          chequers_hall_statues_corner_a, kennysheep_potato
D:6:      layout_layer_cave, kennysheep_cluttered_room, uniq_maggie

Skill      XL: |  1  2  3  4  5  6  7 |
---------------+----------------------+-----
Throwing       | 2 |  2.1
Axes           | 3 |  3.5
Dodging        | 3 |  3.8
Armour         | 1 2 3 |  3.1
Short Blades   | 1 |  1.4
Polearms       | 2 |  2.7
Stealth        | 1 |  1.1
Fighting       | |  2.9
Shields        | |  0.7
Evocations     | |  0.2

Action                   |  1- 3 |  4- 6 |  7- 9 || total
-------------------------+-------+-------+-------++-------
Melee: War axe           |     9 |       |       ||     9
       Hand axe          |    40 |       |       ||    40
       Short sword       |    30 |       |       ||    30
       Spear             |    26 |   101 |    22 ||   149
Evoke: Wand              |       |     2 |       ||     2
  Use: Scroll            |     1 |     5 |       ||     6
       Potion            |       |     1 |     7 ||     8
 Stab: Sleeping          |     1 |       |       ||     1
Armor: Leather armour    |    32 |    38 |    31 ||   101
Dodge: Dodged            |    68 |    55 |     6 ||   129
Block: Kite shield       |       |    25 |    18 ||    43
